 Dungeon Crawl Stone Soup version 0.29-a0-207-gf982a884d8 (webtiles) character file.

Game seed: 5571925412209538511

35 Hubjo the Sneak (level 3, -1/26 HPs)
             Began as a Vampire Enchanter on Feb 23, 2022.
             Was a Follower of Makhleb.
             Slain by a ball python (2 damage)
             ... on level 2 of the Dungeon.
             The game lasted 00:01:49 (1105 turns).

Hubjo the Sneak (Vampire Enchanter)                 Turns: 1105, Time: 00:01:49

Health: -1/26      AC:  2    Str:  7    XL:     3   Next: 17%
Magic:  6/6        EV: 12    Int: 17    God:    Makhleb [*.....]
Gold:   120        SH:  0    Dex: 16    Spells: 6/6 levels left

rFire   . . .      SeeInvis +   a - +1 dagger
rCold   . . .      Faith    .   (no shield)
rNeg    . . .      Spirit   .   b - +0 robe
rPois   .          Reflect  .   (no helmet)
rElec   .          Harm     .   (no cloak)
rCorr   .          Rampage  .   (no gloves)
Will    .....                   (no boots)
Stlth   +++.......              (no amulet)
HPRegen 0.28/turn               (no ring)
MPRegen 0.10/turn               (no ring)

@: lethally poisoned (-1 -> -8), healing quickly
A: alive, fangs 3, see invisible, vampiric 2
a: Exsanguinate, Renounce Religion


You were on level 2 of the Dungeon.
You worshipped Makhleb.
Makhleb was aware of your devotion.
You visited 1 branch of the dungeon, and saw 2 of its levels.

You collected 120 gold pieces.

Inventory:

Hand Weapons
 a - a +1 dagger (weapon)
Armour
 b - a +0 robe (worn)
Potions
 c - a potion of invisibility
 e - a potion of flight {unknown}
 f - a potion of might {unknown}
 g - a potion of magic {unknown}
 h - a potion of lignification {unknown}


   Skills:
 * Level 1.2 Fighting
 + Level 1.7 Short Blades
 + Level 2.4 Dodging
 * Level 5.2 Stealth
 - Level 2.0 Spellcasting
 + Level 4.6 Hexes


You had 6 spell levels left.
You didn't know any spells.
Your spell library contained the following spells:

 Spells                   Type           Power      Damage    Failure   Level
 Confusing Touch          Hex            17%        N/A       9%          3
 Tukima's Dance           Hex            17%        N/A       9%          3
 Ensorcelled Hibernation  Hex/Ice        18%        N/A       11%         2
 Shock                    Conj/Air       4%         1d3       19%         1
 Dazzling Flash           Conj/Hex       18%        N/A       22%         3
 Swiftness                Air            1%         N/A       50%         3
 Airstrike                Air            0%         N/A       88%         4


Dungeon Overview and Level Annotations

Branches:
Dungeon (2/15)

Altars:
Makhleb


Innate Abilities, Weirdness & Mutations

Your natural rate of healing is accelerated.
You have razor-sharp teeth.
You have supernaturally acute eyesight. (SInv)
You are afflicted with vampirism and can become a bat while bloodless.


Message History

You feel sick.
The ball python bites you but does no damage.
The ball python grabs you. The ball python constricts you. The adder bites you.
You hit the ball python.
You kill the ball python!
Makhleb accepts your kill.
You feel sick. The adder bites you but does no damage.
The ball python barely misses you. x2
You closely miss the adder.
The adder is severely wounded.
You feel sick. The adder bites you.
The ball python bites you but does no damage.
The ball python barely misses you.
You are too injured to fight recklessly!
You are too injured to fight recklessly!
You are too injured to fight recklessly!
You are too injured to fight recklessly!
You are too injured to fight recklessly!
You are too injured to fight recklessly!
You are too injured to fight recklessly!
You are too injured to fight recklessly!
You are too injured to fight recklessly!
You are too injured to fight recklessly!
You are too injured to fight recklessly!
You are too injured to fight recklessly!
You are too injured to fight recklessly!
You are too injured to fight recklessly!
You miss the adder.
The adder is severely wounded.
You feel sick. The adder bites you.
* * * LOW HITPOINT WARNING * * *
You are lethally poisoned!
The adder poisons you! The ball python completely misses you.
The ball python closely misses you. The adder bites you.
* * * LOW HITPOINT WARNING * * *
You miss the adder.
The adder is severely wounded.
* * * LOW HITPOINT WARNING * * *
You feel sick. The ball python bites you.
You die...

#)##.. . #.##.. ### .##
#.##.. ..# # ..# #.##..
#.#######.#####.###
#.....
#S#.#.#.#.#.#.#.#<##
###
#Sg................# ..
#.#†#.#.#.#.#.#S#S##
#.#
#...............@..#
#.#
#.#.#.#.#.#.#.#.#.##
#.#
#....†..S..........#
#..
#.#.#.#.#.#.#.#.#.#####
######..
#.....................#
#.......
#.#.#.#.#.#.#.#.#†###.#
#.##....
#....$.............##.#
#....... # #.#.#
#.#.#.#.#.#.#.#
#..#.##. ###
###.####....#.#
#..#.##.


You could see an adder and a ball python.

Vanquished Creatures
  A worm (D:2)
  2 dart slugs
  4 ball pythons
  3 endoplasms
  A giant cockroach (D:1)
  4 hobgoblins
  3 bats (D:1)
  A frilled lizard (D:2)
  3 goblins
  2 kobolds
  3 rats
27 creatures vanquished.

Notes
Turn   | Place    | Note
-------+----------+-------------------------------------------
     0 | D:1      | Hubjo the Vampire Enchanter began the quest for the Orb.
     0 | D:1      | Reached XP level 1. HP: 13/13 MP: 3/3
   305 | D:1      | Reached XP level 2. HP: 20/20 MP: 5/5
   706 | D:1      | You fall into a shaft and drop 1 floor!
   723 | D:2      | Reached skill level 1 in Fighting
   751 | D:2      | Found a faded altar of an unknown god.
   756 | D:2      | Reached skill level 5 in Stealth
   757 | D:2      | Prayed at the altar of an unknown god.
   757 | D:2      | Became a worshipper of Makhleb the Destroyer
   757 | D:2      | Reached * piety under Makhleb
   954 | D:2      | Gained mutation: You are afflicted with vampirism and can
                  | become a bat while bloodless. [Vampire growth]
   954 | D:2      | Reached XP level 3. HP: 17/26 MP: 6/6
  1105 | D:2      | HP: 1/26 [poisoned by an adder]
  1105 | D:2      | Slain by a ball python

Illustrated notes

Levels and vault maps discovered:
D:1:      grunt_arrival_crossed_arrows, layout_loops_ring
D:2:      layout_basic, basic_ecumenical_altar, st_stairs_11

Skill      XL: |  1  2 |
---------------+-------+-----
Fighting       | 1 |  1.2
Stealth        | 5 |  5.2
Short Blades   | |  1.7
Dodging        | |  2.4
Spellcasting   | |  2.0
Hexes          | |  4.6

Action                   || total
-------------------------++-------
Melee: Dagger            ||    91
       Bite              ||     7
  Use: Scroll            ||     1
 Stab: Sleeping          ||    11
       Distracted        ||     1
Armor: Robe              ||    16
Dodge: Dodged            ||    46

Table legend: (Time is in decaauts)
 A = Elapsed time spent in this place.
 B = Non-inter-level travel time spent in this place.
 C = Inter-level travel time spent in this place.
 D = Time resting spent in this place.
 E = Time spent auto-exploring this place.
 F = Levels seen in this place.
 G = Mean time per level.
                   A        B        C        D        E       F      G
               +--------+--------+--------+--------+--------+-----+--------+
         Total |   1098 |   1098 |      0 |      0 |    856 |   2 |  549.0 |
       Dungeon |   1098 |   1098 |      0 |      0 |    856 |   2 |  549.0 |
               +--------+--------+--------+--------+--------+-----+--------+

Top non-repeatable levels by time:
     D:1: 703 daAuts
     D:2: 395 daAuts
